 Dungeon Crawl Stone Soup version 0.31.0-12-g77e489cdc1 (webtiles) character file.

Game seed: 4515733214911572925

44 sking99 the Vexing (level 3, -1/18 HPs)
             Began as a Spriggan Hexslinger on Feb 29, 2024.
             Slain by Natasha (6 damage)
             ... on level 2 of the Dungeon.
             The game lasted 00:02:59 (1104 turns).

sking99 the Vexing (Spriggan Hexslinger)            Turns: 1104, Time: 00:03:00

Health: -1/18      AC:  3    Str:  6    XL:     3   Next: 39%
Magic:  6/7        EV: 17    Int: 14    God:
Gold:   32         SH:  0    Dex: 17    Spells: 4/6 levels left

rFire   . . .        a - +1 sling
rCold   . . .        (no shield)
rNeg    . . .        c - +0 robe
rPois   .            (helmet restricted)
rElec   .            f - +0 cloak
rCorr   .            (gloves unavailable)
SInv    +            (boots unavailable)
Will    .....        (no amulet)
Stlth   ++           (no ring)
HPRegen 0.23/turn    (no ring)
MPRegen 0.10/turn

%: no passive effects
@: weak-willed, slowed, quick
A: very small, no large weapons, unfitting armour, see invisible, speed 3
a: no special abilities


You were on level 2 of the Dungeon.
You visited 1 branch of the dungeon, and saw 2 of its levels.

You collected 32 gold pieces.

Inventory:

Hand Weapons
 a - a +1 sling (weapon)
Armour
 c - a +0 robe (worn)
 f - a +0 cloak (worn)
Scrolls
 b - a scroll of poison
 d - a scroll of noise {unknown}
 e - a scroll of enchant armour {unknown}
 g - a scroll of teleportation {unknown}
Potions
 h - a potion of cancellation {unknown}
 i - a potion of mutation {unknown}


   Skills:
 + Level 1.3 Fighting
 * Level 2.9 Ranged Weapons
 - Level 2.6 Dodging
 + Level 2.1 Spellcasting
 - Level 3.8 Hexes
 - Level 1.0 Fire Magic


You had 4 spell levels left.
You knew the following spells:

 Your Spells              Type           Power      Damage    Failure   Level
a - Jinxbite              Hex            24%        N/A       8%          2

Your spell library contained the following spells:

 Spells                   Type           Power      Damage    Failure   Level
 Confusing Touch          Hex            12%        N/A       14%         3
 Sigil of Binding         Hex            12%        N/A       14%         3
 Kiss of Death            Conj/Necr      4%         2d5       24%         1
 Magic Dart               Conj           4%         1d3       24%         1
 Inner Flame              Hex/Fire       8%         N/A       26%         3
 Blink                    Tloc           2%         N/A       34%         2
 Call Imp                 Summ           2%         N/A       34%         2
 Cause Fear               Hex            6%         N/A       43%         4
 Dimensional Bullseye     Hex/Tloc       3%         N/A       71%         4
 Dispel Undead            Necr           1%         3d6       93%         4


Dungeon Overview and Level Annotations

Branches:
Dungeon (2/15)

Altars:

Annotations:
D:2 Natasha


Innate Abilities, Weirdness & Mutations

You are very small and have problems with some larger weapons.
You are too small for most types of armour.
You have supernaturally acute eyesight. (SInv)
You cover ground extremely quickly. (Speed+++)


Message History

You shoot a sling bullet. The sling bullet hits Natasha.
Natasha is heavily wounded.
A giggling sprite leaps out and makes Natasha trip over her own paws.
Natasha is severely wounded.
The jinxing sprites lose interest in you.
Natasha claws you.
* * * LOW HITPOINT WARNING * * *
Natasha misses you.
Fire: a) +1 sling
Press: ? - help, Q - select action, (/) - cycle Shift-Dir - straight line, f/p - Natasha
Aim: Natasha (severely wounded, heavily drained, 51% to hit)
You shoot a sling bullet.
The sling bullet closely misses Natasha.
Natasha seems less drained.
Natasha casts a spell at you. You resist with significant effort.
Natasha casts a spell at you. You resist with significant effort.
Fire: a) +1 sling
Press: ? - help, Q - select action, (/) - cycle Shift-Dir - straight line, f/p - Natasha
Aim: Natasha (severely wounded, 51% to hit)
You shoot a sling bullet. The sling bullet hits Natasha.
Natasha is severely wounded.
Natasha hisses.
Natasha barely misses you. Natasha casts a spell at you.
You feel as though you will be slow longer.
Fire: a) +1 sling
Press: ? - help, Q - select action, (/) - cycle Shift-Dir - straight line, f/p - Natasha
Aim: Natasha (severely wounded, 51% to hit)
You shoot a sling bullet. The sling bullet hits Natasha.
Natasha is almost dead.
Natasha barely misses you.
Fire: a) +1 sling
Press: ? - help, Q - select action, (/) - cycle Shift-Dir - straight line, f/p - Natasha
Aim: Natasha (almost dead, 51% to hit)
You shoot a sling bullet. The sling bullet barely misses Natasha.
Natasha claws you.
You die...
Natasha begins licking her fur clean.

♣♣ #### .. #.. P.
#.# .P. ♣####@###
♣♣PPP♣♣.....h.#
P.♣P♣.####.#.#
#♣.♣♣.## #.#.#
#..#...# #.# #
#####.#....# #.#
#..........####.#.
#.#####.##.....^..
#.#######.##


You could see Natasha.

Vanquished Creatures
  A dart slug (D:1)
  4 endoplasms
  3 giant cockroaches
  3 hobgoblins (D:1)
  7 jackals (D:1)
  A quokka (D:2)
  4 ball pythons
  3 bats (D:1)
  5 frilled lizards
  A goblin (D:1)
  3 kobolds (D:1)
  3 rats (D:1)
38 creatures vanquished.

Notes
Turn   | Place    | Note
-------+----------+-------------------------------------------
     0 | D:1      | sking99 the Spriggan Hexslinger began the quest for the
                  | Orb.
     0 | D:1      | Reached XP level 1. HP: 9/9 MP: 3/3
   128 | D:1      | Reached skill level 1 in Fighting
   129 | D:1      | Reached XP level 2. HP: 11/14 MP: 5/5
   141 | D:1      | Reached skill level 1 in Fire Magic
   211 | D:1      | Learned a level 2 spell: Jinxbite
   662 | D:1      | Reached XP level 3. HP: 18/18 MP: 6/6
   819 | D:1      | Found a faded altar of an unknown god.
  1092 | D:2      | Noticed Natasha
  1104 | D:2      | Slain by Natasha

Illustrated notes

Levels and vault maps discovered:
D:1:      enne_arrival_octagon_isle, layout_rooms,
          shapermc_ecumenical_altar_mp_ritualfount, minmay_octomino_j4
D:2:      layout_loops_ring, serial_forest, infiniplex_forest_clump_curved,
          infiniplex_forest_clump_small, infiniplex_forest_end_2,
          infiniplex_forest_lined_2, infiniplex_forest_fountain,
          infiniplex_forest_end_2, infiniplex_forest_zigzag_1, minmay_distorted,
          uniq_natasha

Skill      XL: |  1  2  3 |
---------------+----------+-----
Fighting       | 1 |  1.3
Fire Magic     | 1 |  1.0
Spellcasting   | 2 |  2.1
Ranged Weapons | |  2.9
Dodging        | |  2.6
Hexes          | |  3.8

Action                     || total
---------------------------++-------
   Fire: Sling             ||   103
   Cast: Jinxbite          ||     4
 Armour: Robe              ||    35
  Dodge: Dodged            ||    64
